 Dungeon Crawl Stone Soup version 0.29.1-15-g9cfb28693d (webtiles) character file.

Game seed: 8149160598167861068

3 ThatPearl the Sneak (level 1, 0/18 HPs)
             Began as a Demonspawn Delver on Mar 12, 2023.
             Was an Initiate of Okawaru.
             Slain by a hobgoblin (1 damage)
             ... on level 4 of the Dungeon.
             The game lasted 00:01:50 (130 turns).

ThatPearl the Sneak (Demonspawn Delver)              Turns: 130, Time: 00:01:51

Health: 0/18       AC:  3    Str: 12    XL:     1   Next: 41%
Magic:  1/1        EV: 13    Int: 11    God:    Okawaru [......]
Gold:   4          SH:  0    Dex: 24    Spells: 0/0 levels left

rFire   . . .      SeeInvis +   a - +0 hand axe
rCold   . . .      Faith    .   (no shield)
rNeg    . . .      Spirit   .   h - +1 robe of Ohurph Fici {*Slow Dex+10 SInv}
rPois   .          Reflect  .   (no helmet)
rElec   .          Harm     .   (no cloak)
rCorr   .          Rampage  .   (no gloves)
Will    .....                   (no boots)
Stlth   +++.......              (no amulet)
HPRegen 0.06/turn               (no ring)
MPRegen 0.07/turn               (no ring)

@: no status effects
A: no striking features
a: Renounce Religion


You were on level 4 of the Dungeon.
You worshipped Okawaru.
Okawaru was noncommittal.
You visited 1 branch of the dungeon, and saw 2 of its levels.

You collected 4 gold pieces.

Inventory:

Hand Weapons
 a - a +0 hand axe (weapon)
Armour
 b - a +0 leather armour
 h - the +1 robe of Ohurph Fici (worn) {*Slow Dex+10 SInv}
   (You found it on level 5 of the Dungeon)

   Dex:       It affects your dexterity (+10).
   SInv:      It lets you see invisible.
   *Slow:     It may slow you when you take damage.
 k - a +0 leather armour
Wands
 g - a wand of digging (3)
Scrolls
 c - a scroll of fog
 d - a scroll of magic mapping
 e - a scroll of fear
 i - a scroll of identify {unknown}
 j - a scroll of teleportation {unknown}
Potions
 f - a potion of haste


   Skills:
 + Level 3.0 Fighting
 + Level 1.9 Axes
 + Level 1.8 Dodging
 - Level 4.5 Stealth


You couldn't memorise any spells.
You didn't know any spells.
Your spell library was empty.

Dungeon Overview and Level Annotations

Branches:
Dungeon (5/15)
 Temple: D:4-7

Altars:
Dithmenos
Makhleb
Okawaru


Message History

You hit the goblin.
You kill the goblin!
Okawaru accepts your kill. The hobgoblin closely misses you.
The hobgoblin hits you but does no damage.
You barely miss the hobgoblin.
The hobgoblin is severely wounded.
The hobgoblin hits you.
You barely miss the hobgoblin.
The hobgoblin is severely wounded.
The hobgoblin hits you but does no damage.
You barely miss the hobgoblin.
The hobgoblin is severely wounded.
The hobgoblin hits you.
You hit the hobgoblin but do no damage.
The hobgoblin is severely wounded.
The hobgoblin hits you.
* * * LOW HITPOINT WARNING * * *
You hit the hobgoblin.
The hobgoblin is almost dead.
The hobgoblin hits you but does no damage.
The hobgoblin hits you.
* * * LOW HITPOINT WARNING * * *
You closely miss the hobgoblin.
The hobgoblin is almost dead.
The hobgoblin hits you but does no damage.
You completely miss the hobgoblin.
The hobgoblin is almost dead.
The hobgoblin closely misses you.
You hit the hobgoblin but do no damage.
The hobgoblin is almost dead.
The hobgoblin hits you but does no damage.
You hit the hobgoblin but do no damage.
The hobgoblin is almost dead.
The hobgoblin hits you.
* * * LOW HITPOINT WARNING * * *
You barely miss the hobgoblin.
The hobgoblin is almost dead.
The hobgoblin hits you.
You die...

#.........###..#.##
#.#######.###..#.## #.
#........## #.
#.#.#..#### ##.
#...#...... ##. #..
#.......... #.>.#..
#......##..
#...)#######....#.##..
#g@.......#..#.....
#####........#..#..
#.##.###.#..#..
#...#.# #......>
#...#.. ....####
#...#### #### #...#
#...#


You could see a hobgoblin.

Vanquished Creatures
  An orc (D:4)
  A goblin (D:4)
2 creatures vanquished.

Notes
Turn   | Place    | Note
-------+----------+-------------------------------------------
     0 | D:5      | ThatPearl the Demonspawn Delver began the quest for the
                  | Orb.
     0 | D:5      | Reached XP level 1. HP: 18/18 MP: 1/1
     2 | D:5      | Found a shadowy altar of Dithmenos.
     6 | D:5      | Identified the +1 robe of Ohurph Fici {*Slow Dex+10 SInv}
    68 | D:4      | Found a burning altar of Makhleb.
    68 | D:4      | Found an iron altar of Okawaru.
    71 | D:4      | Became a worshipper of Warmaster Okawaru
    95 | D:4      | Noticed a scorpion
   130 | D:4      | Slain by a hobgoblin

Illustrated notes

Levels and vault maps discovered:
D:4:      layout_loops_cross, nicolae_overflow_crystal_walls,
          gammafunk_temple_overflow_elements, uniq_pikel, uniq_robin
D:5:      layout_cave_pools, good_gods_mini_temple,
          grunt_dithmenos_smoke_and_mirrors, minmay_temple_entry_mini_moons

Action                   || total
-------------------------++-------
Melee: Hand axe          ||    20
Armor: Robe              ||     5
Dodge: Dodged            ||     8
